 Dungeon Crawl Stone Soup version 0.16.2-12-gd0ad4c3 (webtiles) character file.

506 Kloppie the Skirmisher (level 7, -10/59 HPs)
             Began as a Formicid Fighter on Oct 31, 2015.
             Mangled by Menkaure (12 damage)
             ... on level 5 of the Dungeon.
             The game lasted 00:08:14 (3468 turns).

Kloppie the Skirmisher (Formicid Fighter)           Turns: 3468, Time: 00:08:14

Health: -10/59     AC: 10    Str: 22    XL:     7   Next: 41%
Magic:  9/9        EV:  6    Int:  8    God:
Gold:   139        SH:  9    Dex: 10    Spells: 0 memorised, 6 levels left

rFire  . . .     SeeInvis +     a - +0 war axe
rCold  . . .     Clarity  .     g - +0 chain mail
rNeg   . . .     SustAb   .     c - +0 shield
rPois  .         Gourm    .     (helmet unavailable)
rElec  .         Spirit   .     (no cloak)
rCorr  +         Warding  .     q - +0 pair of gloves
rMut   .         Stasis   +     (no boots)
MR     .....                    t - amulet of resist corrosion
Stlth  ..........               (no ring)
                                (no ring)

@: very slightly contaminated, invisible, not resistant to hostile enchantments,
extremely unstealthy
A: permanent stasis, dig shafts and tunnels, four strong arms, antennae 3
a: Dig, Shaft Self


You were on level 5 of the Dungeon.
You were not hungry.

You visited 2 branches of the dungeon, and saw 6 of its levels.

You collected 139 gold pieces.

Inventory:

Hand weapons
 a - a +0 war axe (weapon)
Missiles
 h - 10 poisoned needles
Armour
 c - a +0 shield (worn)
 g - a +0 chain mail (worn)
 q - a +0 pair of gloves (worn)
Jewellery
 t - an amulet of resist corrosion (around neck)
Magical devices
 x - a wand of confusion (36)
Scrolls
 m - 2 scrolls of teleportation
 n - a scroll of immolation
Potions
 e - a potion of might
 i - a potion of magic
 j - a potion of brilliance
 k - a potion of ambrosia
 p - a potion of lignification
Comestibles
 b - a slice of pizza
 d - 6 bread rations
 o - 3 fruits
 r - 2 meat rations


   Skills:
 + Level 6.6 Fighting
 + Level 5.4 Axes
 - Level 3.2 Armour
 - Level 3.6 Shields


You had 6 spell levels left.
You didn't know any spells.

Dungeon Overview and Level Annotations

Branches:
Dungeon (5/15)             Temple (1/1) D:4

Altars:
Ashenzari
Cheibriados
Fedhas
Kikubaaqudgha
Nemelex Xobeh
Okawaru
Qazlal
Trog
Xom
Zin

Annotations:
D:5 Blork the orc, Menkaure


Innate Abilities, Weirdness & Mutations

You are under a permanent stasis effect.
You can dig through walls and to a lower floor.
Your four strong arms can wield two-handed weapons with a shield.
You have a pair of large antennae on your head (SInv).


Message History

Pain shoots through your body!
* * * LOW HITPOINT WARNING * * *
You are very lightly contaminated with residual magic.
You block Menkaure's attack.
You hit Menkaure but do no damage.
Menkaure is severely damaged.
Menkaure calls on the powers of darkness!
Blork the orc convulses!
Your body is wracked with pain!
* * * LOW HITPOINT WARNING * * *
Blork the orc points at you and mumbles some strange words.
The magic dart hits you! You block Menkaure's attack.
You hit Menkaure.
Menkaure is almost destroyed.
Menkaure hits you but does no damage.
You hit Menkaure but do no damage.
Menkaure is almost destroyed.
Menkaure hits you.
* * * LOW HITPOINT WARNING * * *
Menkaure hits you!
You die...

#.....# #.....########
########............. .
###.........##.######## ...
#...........##.#
....###.#o........##.#
................)..##.## ##
.........#..M......##..# .. .
..#.###o.#...@..#####..#.#...#
....#......#####.........
......##.###.##.>...#.###.#
........##.# #.##...#.#...
...<...##.# #.##<).#.# ###
.....###.# #.##...#.# .... #.#
#.#....... . #.# #.#........#
#+# #.#...<....#


You could see Blork the orc and Menkaure.

Vanquished Creatures
  An ogre (D:4)
  A crimson imp (D:5)
  A jelly (D:5)
  2 worker ants (D:4)
  3 orc wizards (D:4)
  Ijyb (D:5)
  4 gnolls (D:4)
  6 adders
  2 worms
  A giant gecko (D:1)
  An ooze (D:1)
  14 orcs
  A ball python (D:2)
  3 giant cockroaches
  8 hobgoblins
  14 bats
  6 giant newts
  8 goblins
  13 kobolds
  6 rats
96 creatures vanquished.

Notes
Turn   | Place    | Note
--------------------------------------------------------------
     0 | D:1      | Kloppie, the Formicid Fighter, began the quest for the Orb.
     0 | D:1      | Reached XP level 1. HP: 18/18 MP: 1/1
   229 | D:1      | Reached XP level 2. HP: 17/24 MP: 3/3
   595 | D:1      | Reached skill level 4 in Fighting
   638 | D:1      | Reached XP level 3. HP: 27/30 MP: 4/4
   911 | D:2      | Reached XP level 4. HP: 34/38 MP: 5/5
  1053 | D:2      | Found an iron altar of Okawaru.
  1296 | D:2      | Found a shimmering altar of Xom.
  1561 | D:3      | Reached XP level 5. HP: 41/43 MP: 7/7
  1678 | D:3      | Reached skill level 5 in Fighting
  2358 | D:4      | Reached XP level 6. HP: 46/51 MP: 8/8
  2537 | D:4      | Found a staircase to the Ecumenical Temple.
  2556 | Temple   | Entered the Ecumenical Temple
  2985 | D:4      | Reached skill level 6 in Fighting
  3189 | D:4      | Reached skill level 5 in Axes
  3189 | D:4      | Reached XP level 7. HP: 36/59 MP: 9/9
  3407 | D:5      | Entered Level 5 of the Dungeon
  3407 | D:5      | Noticed Ijyb
  3416 | D:5      | Killed Ijyb
  3448 | D:5      | Noticed Menkaure
  3448 | D:5      | Noticed Blork the orc
  3468 | D:5      | HP: 2/59 [Menkaure (2)]
  3468 | D:5      | Mangled by Menkaure

Action                   |  1- 3 |  4- 6 |  7- 9 || total
-------------------------+-------+-------+-------++-------
Melee: War axe           |    79 |   268 |    19 ||   366
  Use: Scroll            |       |       |    10 ||    10
       Potion            |       |       |     2 ||     2
  Eat: Chunk             |       |     7 |     2 ||     9
